 Dungeon Sprint DCSS version 0.22.1-1-ga44c0e56f4 (webtiles) character file.

1904 MuseOD the Spear-Bearer (level 9, -3/81 HPs)
             Began as a Merfolk Berserker on Oct 5, 2018.
             Was an Elder of Trog.
             Slain by a polar bear (5 damage)
             ... in the Dungeon (Sprint II: "The Violet Keep of Menkaure").
             The game lasted 00:01:20 (398 turns).

MuseOD the Spear-Bearer (Merfolk Berserker)          Turns: 398, Time: 00:01:21

Health: -3/81      AC:  2    Str: 19    XL:     9   Next: 15%
Magic:  9/9        EV: 21    Int:  7    God:    Trog [****..]
Gold:   729        SH:  0    Dex: 14    Spells: 8/8 levels left

rFire    . . .     SeeInvis .   a - +0 spear
rCold    . . .     Gourm    .   (no shield)
rNeg     . . .     Faith    .   b - +0 animal skin
rPois    .         Spirit   .   (no helmet)
rElec    .         Reflect  .   (no cloak)
rCorr    .         Harm     .   (no gloves)
MR       ++...     NoTele   +   (no boots)
Stlth    +.........             (no amulet)
HPRegen  1.23/turn              (no ring)
MPRegen  0.11/turn              (no ring)

@: berserk cooldown, regenerating, slowed, very slow
A: change form in water, swift swim, stealthy swim
a: Berserk, Trog's Hand, Brothers in Arms, Renounce Religion


You were in the Dungeon.
You worshipped Trog.
Trog was greatly pleased with you.
You were hungry.

You visited 1 branch You collected 729 gold pieces.

Inventory:

Hand Weapons
 a - a +0 spear (weapon)
Armour
 b - a +0 animal skin (worn)
Scrolls
 i - a scroll of blinking
Potions
 d - a potion of curing
 f - a potion of haste
 g - 2 potions of magic
 h - a potion of berserk rage
Comestibles
 c - a ration
 j - 13 chunks of flesh


   Skills:
 + Level 11.4 Fighting
 + Level 14.3 Polearms
 + Level 7.9 Armour
 + Level 13.0 Dodging


You had 8 spell levels left.
You didn't know any spells.
Your spell library was empty.

Dungeon Overview and Level Annotations

Branches:
Dungeon (1/1)

Altars:
Cheibriados
Dithmenos
Elyvilon
Fedhas
Hepliaklqana
Kikubaaqudgha
Makhleb
Qazlal
Ru
Sif Muna
Trog
Wu Jian
Xom
Beogh
Jiyva
Lugonu


Message History

* * * LOW HITPOINT WARNING * * *
You hit the polar bear.
The polar bear is almost dead.
The polar bear completely misses you. The polar bear claws you.
* * * LOW HITPOINT WARNING * * *
The polar bear claws you.
* * * LOW HITPOINT WARNING * * *
You feel much better. The polar bear bites you!
* * * LOW HITPOINT WARNING * * *
The polar bear barely misses you. The polar bear claws you.
* * * LOW HITPOINT WARNING * * *
The polar bear completely misses you. The polar bear claws you.
* * * LOW HITPOINT WARNING * * *
The polar bear claws you.
* * * LOW HITPOINT WARNING * * *
You hit the polar bear but do no damage.
The polar bear is almost dead.
The polar bear barely misses you. The polar bear misses you.
The polar bear claws you.
You die...

## #. .##.#### +.###
..# ...# ...####
.####..## #..##$#
###.##..# +..#..#
##...#..# #..#h.#
.†.##+..####^.##@#
####.#....###...##▓▓ #
#.##......≈≈≈≈≈≈≈≈≈≈≈
.####≈≈.....≈#+########
#.#≈§≈≈≈≈≈..≈#.._.....#
##§≈≈≈≈≈≈§.≈#._._....#
#≈≈§§≈≈§§§≈≈#_._._...#
≈≈≈≈§≈≈§§≈≈≈≈#._._._..#
+++#≈≈≈§≈≈≈≈≈#_._._._.#


You could see a polar bear (berserk).

Vanquished Creatures
  A merfolk siren (D)
  A yaktaur (D)
  2 polar bears (D)
  A hornet (D)
  2 hippogriffs (D)
  4 necrophages (D)
  3 worms (D)
14 creatures vanquished.

Vanquished Creatures (others)
  A crocodile (D)
1 creature vanquished.

Grand Total: 15 creatures vanquished

Notes
Turn   | Place    | Note
-------+----------+-------------------------------------------
     0 | D        | MuseOD the Merfolk Berserker began the quest for the Orb.
     0 | D        | Reached XP level 1. HP: 18/18 MP: 1/1
     5 | D        | Noticed a necrophage
     5 | D        | Noticed a necrophage
     5 | D        | Noticed a necrophage
     5 | D        | Noticed a necrophage
    12 | D        | Killed a necrophage
    12 | D        | Reached skill level 5 in Fighting
    12 | D        | Reached skill level 7 in Polearms
    12 | D        | Reached XP level 2. HP: 27/27 MP: 2/2
    12 | D        | Reached XP level 3. HP: 33/33 MP: 3/3
    12 | D        | Reached XP level 4. HP: 39/39 MP: 4/4
    18 | D        | Killed a necrophage
    18 | D        | Reached skill level 8 in Polearms
    18 | D        | Reached XP level 5. HP: 45/45 MP: 5/5
    31 | D        | Killed a necrophage
    31 | D        | Reached ** piety under Trog
    31 | D        | Reached skill level 9 in Polearms
    31 | D        | Reached XP level 6. HP: 30/53 MP: 6/6
    42 | D        | Killed a necrophage
    42 | D        | Reached skill level 10 in Polearms
    42 | D        | Reached skill level 5 in Armour
   202 | D        | Noticed a merfolk siren
   208 | D        | Killed a merfolk siren
   208 | D        | Reached skill level 12 in Polearms
   208 | D        | Reached skill level 10 in Dodging
   208 | D        | Reached XP level 7. HP: 61/61 MP: 7/7
   259 | D        | Noticed a hippogriff
   259 | D        | Noticed a hippogriff
   265 | D        | Killed a hippogriff
   265 | D        | Reached *** piety under Trog
   265 | D        | Reached XP level 8. HP: 69/69 MP: 8/8
   270 | D        | Killed a hippogriff
   270 | D        | Reached skill level 10 in Fighting
   315 | D        | Reached **** piety under Trog
   319 | D        | Found a stormy altar of Qazlal.
   319 | D        | Found an ornate altar of the Wu Jian Council.
   320 | D        | Found a hazy altar of Hepliaklqana.
   320 | D        | Found a sacrificial altar of Ru.
   320 | D        | Found a shimmering altar of Xom.
   321 | D        | Found a roughly hewn altar of Beogh.
   321 | D        | Found a viscous altar of Jiyva.
   321 | D        | Found a deep blue altar of Sif Muna.
   322 | D        | Found a snail-covered altar of Cheibriados.
   322 | D        | Found an ancient bone altar of Kikubaaqudgha.
   322 | D        | Found a bloodstained altar of Trog.
   323 | D        | Found a shadowy altar of Dithmenos.
   323 | D        | Found a corrupted altar of Lugonu.
   324 | D        | Found a white marble altar of Elyvilon.
   324 | D        | Found a burning altar of Makhleb.
   325 | D        | Found a blossoming altar of Fedhas.
   327 | D        | Noticed a yaktaur
   327 | D        | Noticed a hornet
   327 | D        | Noticed a polar bear
   327 | D        | Noticed a polar bear
   327 | D        | Noticed a polar bear
   338 | D        | Killed a polar bear
   338 | D        | Reached skill level 13 in Polearms
   350 | D        | Killed a polar bear
   353 | D        | Killed a hornet
   353 | D        | Reached skill level 14 in Polearms
   353 | D        | Reached XP level 9. HP: 78/78 MP: 9/9
   362 | D        | Killed a yaktaur
   362 | D        | Reached ***** piety under Trog
   396 | D        | HP: 2/78 [polar bear (6)]
   398 | D        | Slain by a polar bear

Skill      XL: |  1  2  3  4  5  6  7  8  9 |
---------------+----------------------------+-----
Fighting       | 5 6 7 9 11 | 11.4
Polearms       | 7 8 9 12 14 | 14.3
Armour         | 3 4 6 7 |  7.9
Dodging        | 6 7 8 10 11 12 13 | 13.0

Action                   |  1- 3 |  4- 6 |  7- 9 || total
-------------------------+-------+-------+-------++-------
Melee: Spear             |     6 |    34 |    98 ||   138
Invok: Berserk           |     1 |     1 |     2 ||     4
       Trog's Hand       |       |       |     1 ||     1
  Use: Potion            |       |       |     1 ||     1
  Eat: Chunk             |       |       |     1 ||     1
Armor: Animal skin       |       |       |     3 ||     3
Dodge: Dodged            |     1 |    13 |    92 ||   106
